 Dungeon Crawl Stone Soup version 0.24-a0-251-g44e327e (webtiles) character file.

Game seed: 12425909193380874785

76 mhoghedin the Shooter (level 4, 0/38 HPs)
             Began as a Centaur Hunter on Apr 8, 2019.
             Succumbed to an adder's poison
             ... on level 1 of the Dungeon on Apr 16, 2019.
             The game lasted 00:03:40 (1460 turns).

mhoghedin the Shooter (Centaur Hunter)              Turns: 1460, Time: 00:03:40

Health: 0/38       AC:  4    Str: 14    XL:     4   Next: 12%
Magic:  4/4        EV:  9    Int: 10    God:
Gold:   56         SH:  0    Dex: 11    Spells: 3/3 levels left

rFire    . . .     SeeInvis .   b - +0 short sword
rCold    . . .     Gourm    .   (no shield)
rNeg     . . .     Faith    .   c - +0 leather armour
rPois    .         Spirit   .   (no helmet)
rElec    .         Reflect  .   (no cloak)
rCorr    .         Harm     .   (no gloves)
MR       .....                  (no barding)
Stlth    +.........             (no amulet)
HPRegen  0.12/turn              (no ring)
MPRegen  0.09/turn              (no ring)

@: lethally poisoned (0 -> -2), very quick
A: large, hooves 3, deformed body, speed 2, tough skin 3
a: no special abilities


You were on level 1 of the Dungeon.
You were not hungry.

You visited 1 branch of the dungeon, and saw 2 of its levels.

You collected 56 gold pieces.

Inventory:

Hand Weapons
 a - a +1 shortbow
 b - a +0 short sword (weapon)
Missiles
 d - 5 arrows
Armour
 c - a +0 leather armour (worn)
Comestibles
 f - 4 rations
 g - 2 chunks of flesh {@w0}


   Skills:
 + Level 3.2 Fighting
 + Level 6.3 Bows
 - Level 1.6 Dodging
 - Level 0.7 Stealth


You had 3 spell levels left.
You didn't know any spells.
Your spell library was empty.

Dungeon Overview and Level Annotations

Branches:
Dungeon (2/15)

Altars:


Innate Abilities, Weirdness & Mutations

You have hooves in place of feet.
Armour fits poorly on your strangely shaped body.
You cover ground very quickly.
You have extremely tough skin. (AC +3)


Message History

The adder hisses angrily.
An adder is nearby!
The adder bites you.
You are poisoned.
The adder poisons you!
You take 3 damage, and have 28/31 hp.
You hit the adder but do no damage.
You feel sick. The adder bites you.
You are more poisoned.
The adder poisons you!
You take 4 damage, and have 24/31 hp.
You closely miss the adder.
You feel sick. The adder barely misses you.
You take 1 damage, and have 23/31 hp.
You hit the adder. Your kick misses the adder.
The adder bites you but does no damage. The adder closely misses you.
You miss the adder. Your kick misses the adder.
You feel sick. The adder bites you but does no damage.
You take 1 damage, and have 23/31 hp.
You closely miss the adder.
You feel sick. The adder misses you. The adder bites you but does no damage.
You take 1 damage, and have 22/31 hp.
You barely miss the adder. You kick the adder.
An adder comes into view.
The adder barely misses you.
The adder hisses angrily.
You hit the adder. Your kick misses the adder.
You feel sick. The adder barely misses you.
The adder bites you but does no damage. The adder bites you.
You take 3 damage, and have 19/31 hp.
You miss the adder. Your kick misses the adder. The adder closely misses you.
The adder bites you.
You are more poisoned.
The adder poisons you! The adder bites you.
You are lethally poisoned!
The adder poisons you!
You take 5 damage, and have 14/31 hp.
You miss the adder. Your kick misses the adder.
You feel sick. The adder closely misses you.
The adder bites you but does no damage. x2
You take 2 damage, and have 12/31 hp.
You hit the adder.
You kill the adder!
You have reached level 4!
You feel agile.
You feel sick. The adder bites you but does no damage.
The adder barely misses you.
You regained 2 hp, and now have 14/38 hp.
MP restored: 4 You feel sick.
You see here an adder corpse.
You take 1 damage, and have 13/38 hp.
You feel sick.
You take 1 damage, and have 12/38 hp.
* * * LOW HITPOINT WARNING * * *
You feel sick.
You take 1 damage, and have 11/38 hp.
* * * LOW HITPOINT WARNING * * *
You feel sick.
You take 1 damage, and have 10/38 hp.
* * * LOW HITPOINT WARNING * * *
You feel sick.
* * * LOW HITPOINT WARNING * * *
You feel sick.
You take 1 damage, and have 9/38 hp.
* * * LOW HITPOINT WARNING * * *
You feel sick.
You take 1 damage, and have 8/38 hp.
* * * LOW HITPOINT WARNING * * *
You feel sick.
You take 1 damage, and have 7/38 hp.
* * * LOW HITPOINT WARNING * * *
You feel sick.
You take 1 damage, and have 6/38 hp.
* * * LOW HITPOINT WARNING * * *
You feel sick.
You take 1 damage, and have 5/38 hp.
* * * LOW HITPOINT WARNING * * *
You feel sick.
There is a stone staircase leading up here.
You climb upwards.
* * * LOW HITPOINT WARNING * * *
You feel sick.
There is a stone staircase leading down here.
You take 1 damage, and have 4/38 hp.
You aren't carrying any potions.
As you read the scroll labeled PACVAINEOT, it crumbles to dust.
It is a scroll of identify.
You don't have any unidentified items.
* * * LOW HITPOINT WARNING * * *
You feel sick.
You take 1 damage, and have 3/38 hp.
There is a lethal amount of poison in your body!
Unknown command.
* * * LOW HITPOINT WARNING * * *
You feel sick.
You take 1 damage, and have 2/38 hp.
* * * LOW HITPOINT WARNING * * *
You feel sick.
* * * LOW HITPOINT WARNING * * *
You feel sick.
You take 1 damage, and have 1/38 hp.
You die...

.................##.#.#.#....#.#.
...........(...................#.
###..###.####....................
###.####.## ##....#.###..........
..........####...............#.#.
########.....................#.#.
..........####....#.####.....#.#.
..........####....#.## #.....#.#.
######..........@....###^..#.#.#.
...........[##..#......)..##.#.#.
...##.##..#.##..#..#.###..##.#.#.
.......#..#.##..#..#.###..##.#...
##.....#..#.##..#............###.
#.##..#........##.#.###.........
#.##..#..#.#........# #.....###.
#.....#..#.#...##.#.####.##.# #.
##...........................# #.


There were no monsters in sight!

Vanquished Creatures
  2 adders
  A worm (D:1)
  2 dart slugs (D:1)
  4 giant cockroaches (D:1)
  5 goblins (D:1)
  2 hobgoblins (D:1)
  11 jackals (D:1)
  5 bats (D:1)
  2 frilled lizards (D:1)
  2 kobolds (D:1)
  16 rats (D:1)
52 creatures vanquished.

Notes
Turn   | Place    | Note
-------+----------+-------------------------------------------
     0 | D:1      | mhoghedin the Centaur Hunter began the quest for the Orb.
     0 | D:1      | Reached XP level 1. HP: 17/17 MP: 1/1
     0 | D:1      | Upgraded the game from 0.24-a0-235-g3f03afc to
                  | 0.24-a0-251-g44e327e
    26 | D:1      | Reached XP level 2. HP: 24/24 MP: 2/2
   413 | D:1      | Reached XP level 3. HP: 30/30 MP: 3/3
   828 | D:1      | Reached skill level 6 in Bows
  1138 | D:1      | Reached skill level 3 in Fighting
  1429 | D:2      | Reached XP level 4. HP: 15/38 MP: 4/4
  1436 | D:2      | HP: 9/38 [poisoned by an adder]
  1441 | D:2      | HP: 6/38 [poisoned by an adder]
  1447 | D:1      | HP: 4/38 [poisoned by an adder]
  1453 | D:1      | HP: 2/38 [poisoned by an adder]
  1460 | D:1      | Succumbed to an adder's poison

Levels and vault maps discovered:
D:1:      erik_arrival_orb_chamber, layout_basic
D:2:      layout_loops_ring, nicolae_dithmenos_through_a_glass_darkly,
          first_ration, minmay_tall_x

Skill      XL: |  1  2  3 |
---------------+----------+-----
Bows           | 6 |  6.3
Fighting       | 3 |  3.2
Dodging        | |  1.6
Stealth        | |  0.7

Action                   |  1- 3 |  4- 6 || total
-------------------------+-------+-------++-------
Melee: Short sword       |    61 |       ||    61
       Kick              |    12 |       ||    12
 Fire: Shortbow          |    97 |       ||    97
  Use: Potion            |     1 |       ||     1
       Scroll            |       |     1 ||     1
  Eat: Chunk             |     1 |       ||     1
Armor: Leather armour    |    69 |     1 ||    70
Dodge: Dodged            |    62 |     1 ||    63

Table legend:
 A = Non-vault XP
 B = Vault XP
 C = Vault XP percentage of total XP
 D = Non-vault monster count
 E = Vault monster count
 F = Vault count percentage of total count
                 A         B        C        D         E       F
            +---------+---------+-------+---------+---------+-------
      Total |      97 |      12 |  11.0 |      40 |      12 |  23.1
            +---------+---------+-------+---------+---------+-------
        D:1 |      84 |      12 |  12.5 |      39 |      12 |  23.5
        D:2 |      13 |       0 |   0.0 |       1 |       0 |   0.0
            +---------+---------+-------+---------+---------+-------

Levels and vault maps discovered:
D:1:      erik_arrival_orb_chamber, layout_basic
D:2:      layout_loops_ring, nicolae_dithmenos_through_a_glass_darkly,
          first_ration, minmay_tall_x

Table legend:
 A = Turns spent in this place as a percentage of turns spent in the entire game.
 B = Non-inter-level travel turns spent in this place as a percentage of non-inter-level travel turns spent in the entire game.
 C = Inter-level travel turns spent in this place as a percentage of turns spent in this place.
 D = Turns resting spent in this place as a percentage of non-inter-level travel turns spent in this place.
 E = Turns spent auto-exploring this place as a percentage of non-inter-level travel turns spent in this place.
 F = Non-inter-level travel turns spent in this place divided by the number of levels of this place that you've seen.
                   A       B       C       D       E      F
               +-------+-------+-------+-------+-------+----------------------
         Total | 100.0 | 100.0 |   0.9 |  22.2 |  55.1 | 723.5
       Dungeon | 100.0 | 100.0 |   0.9 |  22.2 |  55.1 | 723.5
               +-------+-------+-------+-------+-------+----------------------

Table legend:
 A = Kills in this place as a percentage of kills in entire the game.
 B = Kills by you in this place as a percentage of kills by you in the entire game.
 C = Kills by friends in this place as a percentage of kills by friends in the entire game.
 D = Other kills in this place as a percentage of other kills in the entire game.
 E = Experience gained in this place as a percentage of experience gained in the entire game.
 F = Experience gained in this place divided by the number of levels of this place that you have seen.
                   A       B       C       D       E      F
               +-------+-------+-------+-------+-------+----------------------
         Total | 100.0 | 100.0 |   N/A |   N/A | 100.0 |  54.5
       Dungeon | 100.0 | 100.0 |   N/A |   N/A | 100.0 |  54.5
               +-------+-------+-------+-------+-------+----------------------
